 Dungeon Crawl Stone Soup version 0.21.1-1-g345015f (webtiles) character file.

94117 Mesmaeker13 the Destroyer (level 15, -8/126 HPs)
             Began as a Demigod Conjurer on Feb 19, 2018.
             Drowned by a water nymph (11 damage)
             ... on level 1 of the Shoals.
             The game lasted 01:54:18 (40487 turns).

Mesmaeker13 the Destroyer (Demigod Conjurer)       Turns: 40487, Time: 01:54:18

Health: -8/126     AC: 17    Str: 15    XL:     15   Next: 20%
Magic:  19/39      EV: 24    Int: 27    God:
Gold:   1738       SH:  0    Dex: 16    Spells: 6/28 levels left

rFire    . . .     SeeInvis .   a - +9 broad axe of Rooh {chop, MR+}
rCold    . . .     Gourm    .   (no shield)
rNeg     . . .     Faith    .   j - +6 leather armour of Duty {rElec}
rPois    +         Spirit   .   (helmet restricted)
rElec    +         Reflect  .   p - +2 cloak
rCorr    .         Harm     .   m - +2 pair of gloves
MR       ++...                  J - +0 pair of boots
Stlth    +.........             G - amulet of the Air {Inacc +Fly rElec EV+5 RMsl}
HPRegen  0.31/turn              L - ring of wizardry
MPRegen  0.26/turn              k - ring of magical power

@: very slightly contaminated, studying Axes, repel missiles, very slow
A: horns 1, clever 1, high mp 1, poison resistance
a: Evoke Flight


You were on level 1 of the Shoals.
You were very hungry.

You visited 4 branches of the dungeon, and saw 24 of its levels.

You collected 2404 gold pieces.
You spent 666 gold pieces at shops.

Inventory:

Hand Weapons
 a - the +9 broad axe of Rooh (weapon) {chop, MR+}
   (You found it on level 1 of the Lair of Beasts)

   It inflicts extra damage upon your enemies.
   It affects your resistance to hostile enchantments.
Missiles
 I - a throwing net (quivered)
Armour
 j - the +6 leather armour of Duty (worn) {rElec}
   (You found it on level 12 of the Dungeon)

   It insulates you from electricity.
 m - a +2 pair of gloves (worn)
 p - a +2 cloak (worn)
 H - a +2 ring mail of cold resistance
 J - a +0 pair of boots (worn)
 N - a +1 ring mail of magic resistance
Magical Staves
 E - an uncursed staff of energy
Jewellery
 f - an uncursed ring of protection from cold
 g - an uncursed ring of protection from fire
 k - a ring of magical power (right hand)
 y - an uncursed ring of see invisible {unknown}
 G - the amulet of the Air (around neck) {Inacc +Fly rElec EV+5 RMsl}
   (You found it on level 9 of the Dungeon)

   [amulet of inaccuracy]

   It reduces the accuracy of all your attacks.
   It affects your evasion (+5).
   It insulates you from electricity.
   It lets you fly.
   It protects you from missiles.
 L - a ring of wizardry (left hand)
 R - an uncursed ring of stealth {unknown}
 T - an uncursed amulet of magic regeneration {unknown}
Scrolls
 h - 4 scrolls of blinking
 o - 4 scrolls of teleportation
 q - 8 scrolls of remove curse
 u - 2 scrolls of magic mapping
 S - a scroll of fog
Potions
 b - 4 potions of lignification {unknown}
 e - 3 potions of might
 l - 4 potions of flight
 t - 3 potions of berserk rage {unknown}
 v - 2 potions of cancellation {unknown}
 w - 5 potions of brilliance
 x - 4 potions of curing
 z - 2 potions of ambrosia {unknown}
 C - 5 potions of magic {unknown}
 D - 2 potions of heal wounds
Books
 n - a book of Power

   Spells                             Type                      Level
   a - Iskenderun's Battlesphere      Conjuration/Charms           5
   b - Venom Bolt                     Conjuration/Poison           5
   c - Bolt of Magma                  Conjuration/Fire/Earth       5
   d - Iron Shot                      Conjuration/Earth            6
   e - Orb of Destruction             Conjuration                  7
   f - Spellforged Servitor           Conjuration/Summoning        7
 Q - a manual of Axes
Comestibles
 c - 29 rations
 d - 3 chunks of flesh


   Skills:
 - Level 10.0 Fighting
 + Level 9.7 Axes
 - Level 6.2 Armour
 - Level 10.5 Dodging
 - Level 1.7 Stealth
 + Level 7.1 Spellcasting
 - Level 11.1 Conjurations
 - Level 7.0 Hexes
 - Level 8.1 Summonings
 - Level 3.3 Necromancy
 + Level 1.1 Fire Magic
 - Level 10.5 Air Magic
 + Level 1.1 Earth Magic


You had 6 spell levels left.
You knew the following spells:

 Your Spells              Type           Power        Failure   Level  Hunger
a - Conjure Ball Lightni  Conj/Air       ######....   4%          6    ######.
b - Regeneration          Chrm/Necr      ###.......   4%          3    None
c - Bolt of Magma         Conj/Fire/Erth ####......   12%         5    #####..
d - Fulminant Prism       Conj/Hex       ######....   1%          4    ##.....
f - Summon Lightning Spi  Summ/Air       ######..     1%          4    ##.....


Dungeon Overview and Level Annotations

Branches:
Dungeon (15/15)            Temple (0/1) D:6            Lair (6/6) D:9
 Shoals (1/4) Lair:2       Spider (0/4) Lair:4        Slime (0/5) Lair:5
    Orc (2/2) D:11            Elf (0/3) Orc:2        Vaults (0/5) D:14
 Depths (0/5) D:15

Shops:
D:4 *%   D:10 =   D:14 %   D:15 :   Orc:1 %   Orc:2 }(*:

Annotations:
D:3 wotfoxis's ghost, amateur HOFi
D:5 JeronimusCornelisz's ghost, novice MiBe
Lair:4 exclusion: oklob plant
Lair:6 exclusion: 4 oklob plants


Innate Abilities, Weirdness & Mutations

You have an increased reservoir of magic. (+10% MP)
You have a pair of small horns on your head.
Your mind is acute. (Int +2)
Your system is resistant to poisons. (rPois)


Message History

Press: ? - help, Shift-Dir - straight line, f/p - water elemental
Aim: a water elemental (almost destroyed)
The bolt of magma hits the water elemental.
The water elemental is burned terribly!
The water elemental is almost destroyed.
The bolt of magma hits the water elemental.
The water elemental is burned terribly!
You destroy the water elemental!
The merfolk aquamancer points at you and mumbles some strange words.
The torrent of water passes through the water elemental.
The torrent of water hits you!
* * * LOW HITPOINT WARNING * * *
You are knocked back by the torrent of water.
You slam into the stone wall!
* * * LOW HITPOINT WARNING * * *
Splash!
The wave splashes down.
The water nymph touches you.
* * * LOW HITPOINT WARNING * * *
The water nymph drowns you!
You die...

≈≈m[≈.# ..≈..# ≈≈ #...#
≈≈. #.## ≈≈.###..#
≈≈...≈≈§.##
≈≈≈≈≈≈≈≈...≈≈≈.m#
≈≈≈≈≈≈≈≈≈≈≈≈≈≈§E##
≈≈≈≈≈≈≈≈≈≈≈≈≈≈≈m@#
≈≈≈≈≈≈≈≈≈≈≈≈≈≈.###
≈≈≈≈≈≈≈≈≈≈≈≈≈≈≈#
≈≈≈≈≈≈≈≈≈≈≈≈≈≈≈#
≈≈≈≈≈≈≈≈≈≈≈≈≈≈.#
≈≈≈≈≈()<.≈≈≈≈≈##
≈≈≈≈...≈..≈≈≈.##
≈≈≈≈≈..>≈≈≈≈≈..## .
PP≈P≈≈≈...(≈≈≈..#####..


You could see a merfolk aquamancer, a water elemental and a water nymph.

Vanquished Creatures
  Rupert (D:15)
  An emperor scorpion (D:15)
  The ghost of anp the Martial Artist, a journeyman GnTm of Cheibriados (Lair:4)
  The ghost of Dioder the Spry, a journeyman SpEE of Vehumet (Lair:6)
  A dire elephant (D:15)
  A merfolk impaler (Shoals:1)
  Snorg (Lair:3)
  An ice dragon (Orc:2)
  4 hydras
  A centaur warrior (D:15)
  Erica (Lair:2)
  5 two-headed ogres
  10 death yaks
  3 orc high priests
  A tengu warrior (D:9)
  The ghost of wotfoxis the Cleaver, a novice HOFi of Beogh (D:10)
  4 skeletal warriors
  A deep troll (D:13)
  A wizard (D:14)
  4 orc knights (Orc:2)
  Pikel (D:7)
  2 deep elf magi
  2 oklob plants (Lair:3)
  6 orc sorcerers
  3 manticores
  A cyclops (Orc:1)
  9 elephants
  An ugly thing (D:15)
  2 centaur zombies
  A merfolk siren (Shoals:1)
  Joseph (D:8)
  Maurice (D:9)
  4 black mambas
  2 torpor snails
  4 gargoyles
  6 spiny frogs
  A rime drake (Lair:6)
  9 komodo dragons
  A redback zombie (D:15)
  A kobold demonologist (D:15)
  3 meliai (D:12)
  2 queen bees
  A merfolk (D:11)
  2 polar bears (Orc:2)
  10 trolls
  Prince Ribbit (D:6)
  A hornet (D:15)
  2 harpy skeletons (D:15)
  12 hippogriffs
  15 blink frogs
  11 slime creatures
  4 dream sheep (Lair:4)
  2 redbacks (Lair:4)
  3 water elementals
  4 wyverns
  3 vampires
  4 wraiths
  39 yaks
  4 basilisks
  Grum (D:8)
  5 vampire mosquitoes
  5 wargs
  2 acid dragons
  13 water moccasins
  6 porcupines
  5 black bears
  20 orc warriors
  4 ice beasts
  3 sky beasts
  5 eyes of draining
  A necrophage (D:10)
  14 wolves
  2 phantoms
  3 ogres
  15 crocodiles
  15 centaurs
  2 big kobolds
  13 bullfrogs
  8 scorpions
  49 killer bees
  5 wights
  2 electric eels (D:13)
  6 howler monkeys
  5 crimson imps
  2 bullfrog zombies
  5 jellies
  A quasit (D:10)
  3 centaur skeletons
  5 hounds
  18 orc priests
  2 bullfrog skeletons
  6 iguanas
  Ijyb (D:3)
  13 orc wizards
  11 worker ants
  Terence (D:2)
  A hound skeleton (D:9)
  2 worker ant zombies (D:11)
  Robin (D:2)
  2 gnolls (D:7)
  20 adders
  2 river rats (Lair:3)
  6 shadow imps
  A white imp (D:6)
  3 oozes
  An adder zombie (D:5)
  An adder skeleton (D:5)
  4 worms
  6 leopard geckos
  80 orcs
  4 ball pythons
  4 giant cockroaches
  15 goblins
  14 hobgoblins
  11 jackals
  19 kobolds
  2 quokkas
  7 bats
  5 frilled lizards
  2 goblin zombies (D:6)
  A hobgoblin zombie (D:6)
  A kobold skeleton (D:6)
  A kobold zombie (D:6)
  A leopard gecko skeleton (D:4)
  2 orc skeletons (D:6)
  An orc zombie (D:6)
  4 rats
  A fulminant prism (D:9)
  3 fungi
  A plant (Lair:6)
731 creatures vanquished.

Vanquished Creatures (collateral kills)
  A merfolk impaler (Lair:2)
  Erolcha (Orc:1)
  2 hydras
  A death knight (D:11)
  2 catoblepae
  A deep troll shaman (Lair:6)
  2 death yaks
  A tengu warrior (D:15)
  3 skeletal warriors
  A lindwurm (Lair:6)
  2 ugly things
  2 cyclopes (D:15)
  8 elephants
  A centaur skeleton (D:15)
  A tengu conjurer (D:15)
  A komodo dragon (Lair:5)
  2 jumping spiders (Lair:4)
  7 trolls
  A merfolk (Shoals:1)
  A polar bear (Orc:2)
  A slime creature (D:15)
  10 blink frogs
  2 dream sheep (Lair:4)
  A meliai zombie (D:13)
  A shadow (D:13)
  2 yaks
  A wyvern (D:12)
  2 porcupines (Lair:4)
  3 orc warriors
  5 centaurs
  An ogre (Orc:1)
  A crocodile (Lair:5)
  A bullfrog (Lair:4)
  A killer bee (D:10)
  5 wights
  An orc priest (Orc:2)
  An orc wizard (Orc:2)
  A bullfrog skeleton (D:10)
  2 orcs
  A plant (Lair:5)
84 creatures vanquished.

Vanquished Creatures (others)
  5 ball lightnings
  4 slaves
  An orc priest (Orc:2)
  2 gnolls (D:7)
  3 orcs (D:7)
  5 goblins (D:7)
  2 hobgoblins (D:7)
  5 kobolds (D:7)
  4 bushes
  204 fulminant prisms
  7 fungi
  16 plants
258 creatures vanquished.

Grand Total: 1073 creatures vanquished

Notes
Turn   | Place    | Note
-------+----------+-------------------------------------------
     0 | D:1      | Mesmaeker13 the Demigod Conjurer began the quest for the Orb.
     0 | D:1      | Reached XP level 1. HP: 14/14 MP: 5/5
   235 | D:1      | Reached skill level 4 in Conjurations
   338 | D:1      | Reached XP level 2. HP: 19/20 MP: 1/7
  1512 | D:2      | Reached XP level 3. HP: 26/26 MP: 4/8
  1679 | D:2      | Noticed Robin
  1711 | D:2      | Killed Robin
  1997 | D:2      | Reached XP level 4. HP: 33/33 MP: 3/9
  2407 | D:2      | Noticed Terence
  2414 | D:2      | Killed Terence
  2414 | D:2      | Reached skill level 5 in Conjurations
  2665 | D:2      | Found a snail-covered altar of Cheibriados.
  3006 | D:3      | Found an iron altar of Okawaru.
  3007 | D:3      | Found an ornate altar of the Wu Jian Council.
  3084 | D:3      | Reached XP level 5. HP: 29/38 MP: 10/10
  3211 | D:3      | Found a sparkling altar of Nemelex Xobeh.
  3263 | D:3      | Learned a level 2 spell: Searing Ray
  3410 | D:3      | Noticed Ijyb
  3426 | D:3      | Killed Ijyb
  3607 | D:3      | Noticed wotfoxis's ghost (amateur HOFi)
  3713 | D:4      | Found Itakye's General Store.
  3732 | D:4      | Bought a potion of curing for 36 gold pieces
  3746 | D:4      | Learned a level 4 spell: Iskenderun's Mystic Blast
  4147 | D:4      | Reached XP level 6. HP: 12/45 MP: 4/11
  4649 | D:4      | Found a basalt altar of Yredelemnul.
  4823 | D:4      | Found Utanlacom's Food Emporium.
  4943 | D:5      | Entered Level 5 of the Dungeon
  4963 | D:5      | Reached skill level 6 in Conjurations
  5160 | D:5      | Reached skill level 5 in Dodging
  5183 | D:5      | Reached XP level 7. HP: 39/50 MP: 4/12
  5473 | D:5      | Noticed JeronimusCornelisz's ghost (novice MiBe)
  5740 | D:5      | Found a white marble altar of Elyvilon.
  6416 | D:6      | Noticed a hippogriff
  6429 | D:6      | Reached skill level 7 in Conjurations
  6435 | D:6      | Killed a hippogriff
  6656 | D:6      | Reached XP level 8. HP: 57/57 MP: 6/13
  6902 | D:6      | Noticed Prince Ribbit
  6984 | D:6      | Gained mutation: Your mind is acute. (Int +2) [potion of mutation]
  6984 | D:6      | Gained mutation: Your system is resistant to poisons. (rPois) [potion of mutation]
  6984 | D:6      | Gained mutation: You have a pair of small horns on your head. [potion of mutation]
  7193 | D:6      | Killed Prince Ribbit
  7193 | D:6      | Reached skill level 8 in Conjurations
  7686 | D:6      | Found a glowing golden altar of the Shining One.
  7740 | D:6      | Found a hazy altar of Hepliaklqana.
  7769 | D:6      | Found a staircase to the Ecumenical Temple.
  7905 | D:7      | Noticed Pikel
  7908 | D:7      | Killed Pikel
  8215 | D:7      | Reached XP level 9. HP: 68/68 MP: 9/14
  8360 | D:7      | Learned a level 4 spell: Fulminant Prism
  9038 | D:7      | Reached skill level 1 in Hexes
  9188 | D:7      | Found a stormy altar of Qazlal.
  9322 | D:7      | Found an ancient bone altar of Kikubaaqudgha.
  9322 | D:7      | Found a deep blue altar of Sif Muna.
  9323 | D:7      | Found a radiant altar of Vehumet.
  9325 | D:7      | Identified Kikubaaqudgha's Collected Works on Evil Rites
  9449 | D:7      | Found a deep blue altar of Sif Muna.
  9548 | D:8      | Found an opulent altar of Gozag.
 10081 | D:8      | Reached skill level 9 in Conjurations
 10213 | D:8      | Noticed Joseph
 10219 | D:8      | Killed Joseph
 10659 | D:8      | Noticed Grum
 10677 | D:8      | Killed Grum
 11047 | D:9      | Reached skill level 1 in Armour
 11191 | D:9      | Noticed a tengu warrior
 11210 | D:9      | Killed a tengu warrior
 11210 | D:9      | Reached XP level 10. HP: 61/79 MP: 1/17
 11524 | D:9      | Found the amulet of the Air {Inacc +Fly rElec EV+5 RMsl}
 11921 | D:9      | Noticed Maurice
 12169 | D:9      | Killed Maurice
 12199 | D:9      | Found a staircase to the Lair.
 12922 | D:10     | Entered Level 10 of the Dungeon
 12992 | D:10     | Noticed wotfoxis's ghost (novice HOFi)
 13357 | Lair:1   | Entered Level 1 of the Lair of Beasts
 13363 | Lair:1   | Learned a level 3 spell: Dazzling Spray
 13487 | Lair:1   | Got an iridescent broad axe
 13559 | D:9      | Reached skill level 10 in Conjurations
 13886 | Lair:1   | Reached skill level 5 in Hexes
 14727 | Lair:1   | Noticed a six-headed hydra
 14741 | Lair:1   | Killed a six-headed hydra
 14741 | Lair:1   | Reached XP level 11. HP: 84/84 MP: 5/22
 15544 | Lair:2   | Reached skill level 5 in Spellcasting
 15645 | Lair:2   | Reached skill level 5 in Armour
 15728 | Lair:2   | Identified the +9 broad axe of Rooh {chop, MR+} (You found it on level 1 of the Lair of Beasts)
 15779 | Lair:2   | Noticed Erica
 15798 | Lair:2   | Killed Erica
 15927 | Lair:2   | Found a staircase to the Shoals.
 16322 | Lair:3   | Noticed a six-headed hydra
 16592 | Lair:3   | Noticed Snorg
 16600 | Lair:3   | Killed a six-headed hydra
 16646 | Lair:3   | Killed Snorg
 16827 | Lair:3   | Noticed a death yak
 16833 | Lair:3   | Noticed a four-headed hydra
 16833 | Lair:3   | Noticed a death yak
 16834 | Lair:3   | Noticed a death yak
 17065 | Lair:3   | Killed a death yak
 17110 | Lair:3   | Killed a three-headed hydra
 17110 | Lair:3   | Reached skill level 11 in Conjurations
 17631 | Lair:3   | Learned a level 4 spell: Summon Lightning Spire
 18144 | Lair:3   | Reached skill level 1 in Summonings
 18144 | Lair:3   | Reached skill level 1 in Air Magic
 18913 | Lair:2   | Killed a death yak
 19399 | Lair:3   | Killed a death yak
 19399 | Lair:3   | Reached skill level 5 in Fighting
 19399 | Lair:3   | Reached XP level 12. HP: 94/94 MP: 13/25
 20739 | Lair:3   | Got a translucent hunting sling
 22178 | Lair:4   | Noticed anp's ghost (journeyman GnTm)
 22195 | Lair:4   | Killed anp's ghost
 22195 | Lair:4   | Reached skill level 5 in Summonings
 22195 | Lair:4   | Reached skill level 5 in Air Magic
 22485 | Lair:4   | Found a hole to the Spider Nest.
 22904 | Lair:5   | Noticed a five-headed hydra
 23503 | Lair:5   | Killed a six-headed hydra
 23505 | Lair:5   | Found a staircase to the Slime Pits.
 23766 | Lair:6   | Entered Level 6 of the Lair of Beasts
 23781 | Lair:6   | Noticed a catoblepas
 23799 | Lair:5   | Killed a catoblepas
 24071 | Lair:6   | Noticed Dioder's ghost (journeyman SpEE)
 24516 | Lair:6   | Reached XP level 13. HP: 107/107 MP: 12/26
 25302 | Lair:6   | Killed Dioder's ghost
 27688 | Lair:6   | Identified Qocvuong's Compendium of the Snowflakes and Calling
 27828 | Lair:1   | Identified the +9 hunting sling of a treasure trove {freeze, -Tele Str+6 Dex+8} (You found it on level 3 of the Lair of Beasts)
 27875 | Lair:1   | Learned a level 6 spell: Conjure Ball Lightning
 27919 | D:10     | Killed wotfoxis's ghost
 28086 | D:10     | Reached skill level 1 in Axes
 28152 | D:10     | Found Uvvegh's Jewellery Shoppe.
 28156 | D:10     | Got a scorched ring mail
 28177 | D:10     | Identified the cursed +0 ring mail of Erchoyx {Int+5} (You found it on level 10 of the Dungeon)
 28869 | D:11     | Found a glowing silver altar of Zin.
 28869 | D:11     | Found a shadowy altar of Dithmenos.
 28873 | D:11     | Found a shimmering altar of Xom.
 28873 | D:11     | Found an ancient bone altar of Kikubaaqudgha.
 29345 | D:11     | Found a staircase to the Orcish Mines.
 29395 | D:11     | Found a stormy altar of Qazlal.
 29423 | D:11     | Got a faintly glowing bronze ring
 29973 | D:12     | Reached XP level 14. HP: 119/119 MP: 27/27
 30162 | D:12     | Identified the ring of the Evening {+Inv rPois Str+4} (You took it off a deep elf mage on level 11 of the Dungeon)
 30454 | D:12     | Reached skill level 10 in Fighting
 30544 | D:12     | Reached skill level 5 in Axes
 31042 | D:12     | Got a blackened leather armour
 31055 | D:12     | Identified the +6 leather armour of Duty {rElec} (You found it on level 12 of the Dungeon)
 33848 | D:14     | Found Unib's Food Shop.
 34050 | D:14     | Found a gate to the Vaults.
 34198 | D:14     | Found a snail-covered altar of Cheibriados.
 34527 | D:15     | Entered Level 15 of the Dungeon
 35442 | D:15     | Reached skill level 10 in Dodging
 35442 | D:15     | Reached skill level 10 in Air Magic
 35451 | D:15     | Learned a level 3 spell: Regeneration
 35714 | D:15     | Found Reaveckenk's Book Shop.
 35794 | D:15     | Noticed Rupert
 35819 | D:15     | Killed Rupert
 35819 | D:15     | Reached skill level 1 in Necromancy
 36175 | D:15     | Found a staircase to the Depths.
 36986 | D:15     | Noticed an emperor scorpion
 37007 | D:15     | Killed an emperor scorpion
 37651 | Orc:1    | Entered Level 1 of the Orcish Mines
 37839 | Orc:1    | Found a roughly hewn altar of Beogh.
 37919 | Orc:2    | Entered Level 2 of the Orcish Mines
 38164 | Orc:2    | Found a staircase to the Elven Halls.
 38305 | Orc:1    | Found Xaikofaq's Food Emporium.
 38420 | Orc:1    | Noticed Erolcha
 38424 | Orc:1    | Killed Erolcha
 38492 | Orc:2    | Reached XP level 15. HP: 126/126 MP: 23/29
 38638 | Orc:2    | Found a roughly hewn altar of Beogh.
 39290 | Orc:2    | Found Aquwahuv's Book Shop.
 39290 | Orc:2    | Found Myes Xah's General Store.
 39293 | Orc:2    | Found Latakun's Gadget Emporium.
 39293 | Orc:2    | Found Kayntari's Weapon Shop.
 39306 | Orc:2    | Bought a book of Power for 630 gold pieces
 39822 | Lair:1   | Learned a level 5 spell: Bolt of Magma
 39891 | Shoals:1 | Entered Level 1 of the Shoals
 40298 | Shoals:1 | Reached skill level 1 in Fire Magic
 40298 | Shoals:1 | Reached skill level 1 in Earth Magic
 40487 | Shoals:1 | HP: 6/126 [stone wall collision (2)]
 40487 | Shoals:1 | Drowned by a water nymph

Skill      XL: |  1  2  3  4  5  6  7  8  9 10 11 12 13 14 15 |
---------------+----------------------------------------------+-----
Conjurations   | 4 5 6 7 8 9 10 11 | 11.1
Dodging        | 2 3 4 5 6 7 8 10 | 10.5
Fighting       | 2 4 5 7 9 10 | 10.0
Hexes          | 3 5 7 |  7.0
Spellcasting   | 2 4 6 7 |  7.1
Armour         | 2 4 6 |  6.2
Summonings     | 2 6 8 |  8.1
Air Magic      | 2 6 8 10 | 10.5
Axes           | 4 9 |  9.7
Necromancy     | 2 3 |  3.3
Fire Magic     | 1 |  1.1
Earth Magic    | 1 |  1.1
Stealth        | |  1.7

Action                   |  1- 3 |  4- 6 |  7- 9 | 10-12 | 13-15 || total
-------------------------+-------+-------+-------+-------+-------++-------
Melee: Unarmed           |    14 |       |       |       |       ||    14
       Dagger            |    50 |    85 |       |       |       ||   135
       Whip              |       |    59 |   230 |   126 |       ||   415
       Headbutt          |       |       |    34 |    60 |   180 ||   274
       Broad axe         |       |       |       |   287 |   887 ||  1174
       Scimitar          |       |       |       |     3 |       ||     3
Throw: Throwing net      |       |       |       |       |     2 ||     2
 Cast: Magic Dart        |    92 |    66 |    66 |    29 |       ||   253
       Searing Ray       |       |     6 |    38 |    34 |       ||    78
       Iskenderun's Myst |       |     1 |     7 |    85 |   113 ||   206
       Fulminant Prism   |       |       |     6 |    76 |   123 ||   205
       Summon Lightning  |       |       |       |    25 |    82 ||   107
       Conjure Ball Ligh |       |       |       |       |     2 ||     2
       Bolt of Magma     |       |       |       |       |     9 ||     9
Evoke: Wand              |       |       |     8 |     3 |       ||    11
  Use: Scroll            |       |     3 |     2 |    10 |    17 ||    32
       Potion            |       |       |     4 |     6 |     9 ||    19
 Stab: Sleeping          |       |     3 |     1 |       |       ||     4
       Confused          |       |       |     1 |       |       ||     1
       Distracted        |       |       |       |     6 |    12 ||    18
       Held in net/web   |       |       |       |       |     1 ||     1
  Eat: Chunk             |     5 |    11 |    15 |    34 |    33 ||    98
       Ration            |       |       |     3 |     8 |    15 ||    26
Armor: Robe              |    16 |    41 |    63 |       |       ||   120
       Leather armour    |       |       |    10 |       |   202 ||   212
       Ring mail         |       |       |     8 |   193 |   153 ||   354
Dodge: Dodged            |    42 |    95 |   267 |   802 |  1383 ||  2589
       Deflected         |       |       |       |     3 |    50 ||    53
       Rpst.: Scimitar   |       |       |       |     3 |       ||     3
